[Event "Titled Tuesday Blitz December 27 Late 2022"]
[White "Harish, Neeraj"]
[Black "Gatterer, Florian"]
[WhiteFideId "30958130"]
[BlackFideId "811688"]
[WhiteElo "2232"]
[BlackElo "2170"]
[Result "0-1"]
[Round "10"]
[TimeControl "180+2"]
[Date "2022.12.27"]
[WhiteClock "0:00:01"]
[BlackClock "0:00:16"]

1. e4 e5 2. Nf3 Nc6 3. Bc4 Bc5 4. O-O Nf6 5. d3 d6 6. c3 a5 7. Re1 O-O 8. Nbd2 Be6 9. Bb5 Qb8 10. Bxc6 bxc6 11. d4 exd4 12. cxd4 Bb6 13. a4 Bg4 14. h3 Bh5 15. Qc2 c5 16. e5 Bg6 17. Qd1 Nd5 18. exd6 cxd6 19. Qb3 Nb4 20. Nc4 Nc2 21. Bf4 Nxa1 22. Qxb6 Nc2 23. Rc1 Nxd4 24. Nxd4 cxd4 25. Bxd6 Qxb6 26. Nxb6 d3 27. Kf1 h6 28. Bxf8 Rxf8 29. Nc4 Re8 30. Rd1 Re2 0-1


[Site "https://www.chess.com"]

[Event "Titled Tuesday Blitz December 27 Late 2022"]
[White "Ibadov, Dashgyn"]
[Black "Ai, Evan"]
[WhiteFideId "24107514"]
[BlackFideId "2094770"]
[WhiteElo "2391"]
[BlackElo "2055"]
[Result "1/2-1/2"]
[Round "10"]
[TimeControl "180+2"]
[Date "2022.12.27"]
[WhiteClock "0:00:05"]
[BlackClock "0:01:10"]

1. d4 Nf6 2. c4 e6 3. Nf3 b6 4. Nc3 Bb7 5. g3 Be7 6. Bg2 Ne4 7. O-O Nxc3 8. bxc3 d6 9. Re1 Nd7 10. e4 e5 11. a4 a5 12. Bb2 O-O 13. Nd2 c5 14. f4 Bf6 15. Nf3 cxd4 16. cxd4 Qe7 17. Qb3 Rfc8 18. fxe5 dxe5 19. dxe5 Nxe5 20. Nxe5 Bxe5 21. Bxe5 Qxe5 22. Qxb6 Ba6 23. Rad1 Bxc4 24. Qd4 Qxd4+ 25. Rxd4 g6 26. e5 Rab8 27. Rc1 Be6 28. Rxc8+ Rxc8 29. Bf1 Rc5 30. Bb5 Rxe5 31. Rd8+ Kg7 32. Ra8 Re1+ 33. Kf2 Rh1 34. h4 Rh2+ 35. Kg1 Rg2+ 36. Kxg2 Bd5+ 37. Kf2 Bxa8 38. Ke3 f5 39. Kd4 h6 40. Kc5 g5 41. hxg5 hxg5 42. Kb6 f4 43. gxf4 gxf4 44. Kxa5 Bg2 45. Kb6 Kf6 46. a5 Ke7 47. a6 Kd6 48. a7 Ba8 49. Ba6 f3 50. Bf1 f2 51. Be2 Bg2 52. Bd3 Ba8 53. Be2 Bg2 54. Bf1 Ba8 55. Be2 1/2-1/2


[Site "https://www.chess.com"]

[Event "Titled Tuesday Blitz December 27 Late 2022"]
[White "Janaszak, Dawid"]
[Black "Vasquez Schroeder, Rodrigo"]
[WhiteFideId "1119206"]
[BlackFideId "3400042"]
[WhiteElo "2316"]
[BlackElo "2524"]
[Result "0-1"]
[Round "10"]
[TimeControl "180+2"]
[Date "2022.12.27"]
[WhiteClock "0:00:04"]
[BlackClock "0:01:11"]

1. e4 c5 2. Nc3 Nc6 3. Bb5 Nd4 4. Nf3 a6 5. Bd3 Nc6 6. O-O g6 7. Re1 Bg7 8. b3 d6 9. Bb2 e6 10. Bf1 Nge7 11. d3 O-O 12. Qd2 b5 13. Nd1 e5 14. c3 Qb6 15. Ne3 h6 16. h4 Be6 17. h5 g5 18. g4 Rad8 19. Nf5 Bxf5 20. gxf5 d5 21. Qe3 d4 22. cxd4 exd4 23. Qd2 Ne5 24. Be2 Nxf3+ 25. Bxf3 Nc6 26. Be2 Be5 27. Rf1 Qc7 28. Rac1 Bf4 29. Qd1 Bxc1 30. Bxc1 Ne5 31. f4 gxf4 32. Bxf4 Qd6 33. Kh1 Kh7 34. Qe1 Rg8 35. Qh4 f6 36. Rg1 Rxg1+ 37. Kxg1 Rg8+ 38. Kf1 Qe7 39. Bd2 Qg7 40. Qf2 Rd8 41. Ke1 c4 42. dxc4 bxc4 43. Ba5 Rd7 44. bxc4 d3 45. Bd1 d2+ 46. Kf1 Nxc4 47. Bc3 Qg5 48. Ke2 Qg4+ 49. Qf3 Qxf3+ 50. Kxf3 Rd3+ 0-1


[Site "https://www.chess.com"]

[Event "Titled Tuesday Blitz December 27 Late 2022"]
[White "Joubert, Dantelle"]
[Black "Smith, Garrett L"]
[WhiteFideId "14310813"]
[BlackFideId "2024829"]
[WhiteElo "1566"]
[BlackElo "2047"]
[Result "0-1"]
[Round "10"]
[TimeControl "180+2"]
[Date "2022.12.27"]
[WhiteClock "0:01:29"]
[BlackClock "0:01:36"]

1. d4 Nf6 2. c4 g6 3. Nc3 d5 4. cxd5 Nxd5 5. Nf3 Bg7 6. Qb3 Nxc3 7. bxc3 O-O 8. e4 c5 9. Be3 Nc6 10. Rd1 Qa5 11. Bd2 Qc7 12. d5 Na5 13. Qc2 b6 14. c4 Nb7 15. e5 Bxe5 16. Nxe5 Qxe5+ 17. Be2 Bg4 18. Be3 Bxe2 19. Qxe2 Nd6 20. O-O f5 21. Qc2 f4 22. Bc1 f3 23. g3 Qh5 24. Kh1 Rf5 25. Bb2 Qh3 0-1


[Site "https://www.chess.com"]

[Event "Titled Tuesday Blitz December 27 Late 2022"]
[White "Kaganskiy, Gleb"]
[Black "Sukandar, Irine Kharisma"]
[WhiteFideId "4132025"]
[BlackFideId "7101937"]
[WhiteElo "2205"]
[BlackElo "2390"]
[Result "0-1"]
[Round "10"]
[TimeControl "180+2"]
[Date "2022.12.27"]
[WhiteClock "0:00:07"]
[BlackClock "0:00:17"]

1. e4 e5 2. Nf3 d6 3. d4 exd4 4. Nxd4 Nf6 5. Nc3 Be7 6. g3 O-O 7. Bg2 Nc6 8. Nxc6 bxc6 9. O-O Be6 10. f4 Qd7 11. Be3 Bh3 12. Qe2 Bxg2 13. Kxg2 Rfe8 14. Rad1 Qe6 15. Qf3 Bf8 16. Rd4 c5 17. Ra4 Nd7 18. Re1 Nb6 19. Ra6 g6 20. Nb5 Qd7 21. Nc3 Bg7 22. Rd1 Qc8 23. Ra3 Qb7 24. Rb3 Bxc3 25. bxc3 Qxe4 26. Qxe4 Rxe4 27. Bf2 Re2 28. a4 a5 29. Kf3 Rxc2 30. Re1 Nxa4 31. Re3 Nb6 32. Re7 a4 33. Ra3 Nc4 34. Ra1 Rxc3+ 35. Kg4 Rc2 36. Bg1 a3 37. Rxc7 a2 38. h4 Rb2 39. h5 Rb1 40. Rxa2 Rxa2 41. h6 Ra8 42. Bf2 Rf1 43. Kf3 Rh1 44. Kg2 Rxh6 45. g4 g5 46. f5 Ne5 47. Kg3 Ra3+ 48. Kg2 Nxg4 49. Rc8+ Kg7 50. Bg3 Rh2+ 51. Bxh2 Ra2+ 52. Kg3 Nxh2 53. Rd8 Nf1+ 54. Kg4 h6 55. Rxd6 Ne3+ 56. Kf3 Nxf5 57. Rd5 Nd4+ 58. Ke4 Ne6 59. Ke5 Ra4 60. Kd6 Rd4 61. Rxd4 cxd4 62. Ke5 d3 63. Kd6 d2 64. Ke7 d1=Q 65. Ke8 Qd8# 0-1


[Site "https://www.chess.com"]

[Event "Titled Tuesday Blitz December 27 Late 2022"]
[White "Kamsky, Gata"]
[Black "Fernandez Guillen, Ernesto J."]
[WhiteFideId "2000024"]
[BlackFideId "3512428"]
[WhiteElo "2665"]
[BlackElo "2477"]
[Result "1-0"]
[Round "10"]
[TimeControl "180+2"]
[Date "2022.12.27"]
[WhiteClock "0:00:11"]
[BlackClock "0:00:03"]

1. d4 Nf6 2. Bf4 d6 3. Nf3 g6 4. c3 b6 5. Nbd2 Bb7 6. a4 Bg7 7. h3 O-O 8. e3 Nbd7 9. a5 a6 10. axb6 cxb6 11. Bh2 b5 12. Be2 Nb6 13. O-O Qd7 14. Bd3 Rfc8 15. Qe2 d5 16. Nb3 Na4 17. Ne5 Qe6 18. Na5 Ra7 19. Rfb1 Ne4 20. Bc2 Naxc3 21. bxc3 Nxc3 22. Qd2 Nxb1 23. Rxb1 Ba8 24. Nd3 Qb6 25. Ra1 Bf6 26. Bb3 Kg7 27. Bg3 h5 28. Ra2 e6 29. Bd1 Be7 30. Be5+ f6 31. Bg3 b4 32. h4 Rc3 33. Nb3 a5 34. Nbc5 Bxc5 35. Nxc5 Qc6 36. Ba4 Qb6 37. Rb2 Rc4 38. Bb3 a4 39. Bxc4 dxc4 40. Rxb4 Qa5 41. Nxa4 Bc6 42. Nc5 Qa1+ 43. Kh2 c3 44. Qd3 Bd5 45. e4 Ba2 46. d5 exd5 47. exd5 Rf7 48. Ne6+ Kh7 49. Nf4 f5 50. Ra4 Qb1 51. Qxc3 1-0


[Site "https://www.chess.com"]

[Event "Titled Tuesday Blitz December 27 Late 2022"]
[White "Kazakouski, Valery"]
[Black "Bortnyk, Olexandr"]
[WhiteFideId "13507443"]
[BlackFideId "14120828"]
[WhiteElo "2539"]
[BlackElo "2605"]
[Result "0-1"]
[Round "10"]
[TimeControl "180+2"]
[Date "2022.12.27"]
[WhiteClock "0:00:01"]
[BlackClock "0:00:04"]

1. Nf3 Nf6 2. c4 d6 3. d4 g6 4. g3 Bg7 5. Bg2 O-O 6. O-O Bf5 7. Re1 c5 8. Nc3 Ne4 9. Qb3 Nxc3 10. bxc3 Be4 11. d5 Nd7 12. Bg5 Re8 13. a4 Qa5 14. Bh3 Nb6 15. Rec1 h6 16. Be3 g5 17. Nd2 Bg6 18. f4 gxf4 19. Bxf4 e6 20. dxe6 fxe6 21. Bxd6 e5 22. Bc7 Re7 23. Bd6 Ree8 24. Bc7 e4 25. Qa3 e3 26. Nb3 Qa6 27. Qxc5 Qxc4 28. Bxb6 Qxe2 29. Qd5+ Bf7 30. Qxb7 Qf2+ 31. Kh1 Rab8 32. Qg2 Rxb6 33. Nd4 Rb2 34. Qxf2 exf2 35. Bg2 Bg6 36. Rf1 Bd3 37. Rfd1 Bc4 38. Nb5 Ree2 39. Nd6 Bb3 40. Rf1 Bxc3 41. Nf5 Bd2 42. Nh4 Re1 43. Rb1 Rbxb1 0-1


[Site "https://www.chess.com"]

[Event "Titled Tuesday Blitz December 27 Late 2022"]
[White "Kleiman, Jake"]
[Black "Yuan, Qingyu"]
[WhiteFideId "2020041"]
[BlackFideId "8609772"]
[WhiteElo "2399"]
[BlackElo "2373"]
[Result "1-0"]
[Round "10"]
[TimeControl "180+2"]
[Date "2022.12.27"]
[WhiteClock "0:00:20"]
[BlackClock "0:00:04"]

1. e4 e5 2. Nf3 Nc6 3. Bc4 Bc5 4. d3 Nf6 5. c3 O-O 6. Bb3 d5 7. exd5 Nxd5 8. O-O Nb6 9. Re1 Bd6 10. Nbd2 Bf5 11. Ne4 Kh8 12. Bg5 f6 13. Be3 h6 14. Nh4 Bh7 15. Qh5 Qe8 16. Qxe8 Raxe8 17. a4 f5 18. Nxd6 cxd6 19. a5 Nc8 20. a6 b5 21. Nf3 f4 22. Bd2 Bxd3 23. h4 Nb6 24. Rad1 e4 25. Nd4 Nxd4 26. cxd4 Bc4 27. Bc2 Bd5 28. Bb4 Rf6 29. Re2 g5 30. Rde1 Rfe6 31. Bb1 Nd7 32. f3 exf3 33. Rxe6 Rxe6 34. Rxe6 Bxe6 35. gxf3 d5 36. hxg5 hxg5 37. Bd3 Nb8 38. Bxb5 Bc8 39. Be7 g4 40. Bd6 Nxa6 41. fxg4 f3 42. Kf2 Kg7 43. Kxf3 Kf6 44. Kf4 Ke6 45. Be5 Nb4 46. g5 a6 47. Be2 Nc6 48. Bg4+ Ke7 49. Bxc8 Na5 50. Bxa6 Nc6 51. g6 Nd8 52. Kf5 Nc6 53. g7 Kf7 54. Bc8 Ne7+ 55. Kg5 Nxc8 56. b4 Na7 57. Kf5 Nb5 58. Kf4 Nc3 59. Ke3 Nb5 60. Kd3 Na3 61. Kc3 Nc4 62. Kb3 Nxe5 63. dxe5 Kxg7 64. Kc3 Kf7 65. Kd4 Ke6 66. b5 Kd7 67. Kxd5 Kc7 68. e6 Kd8 69. Kd6 Kc8 70. e7 Kb7 71. e8=Q Ka7 72. Qc6 Kb8 73. Qd7 Ka8 74. Kc6 1-0


[Site "https://www.chess.com"]

[Event "Titled Tuesday Blitz December 27 Late 2022"]
[White "Ladan, Nicholas"]
[Black "Solon, Nathan"]
[WhiteFideId "30918855"]
[BlackFideId "2017229"]
[WhiteElo "2228"]
[BlackElo "2306"]
[Result "0-1"]
[Round "10"]
[TimeControl "180+2"]
[Date "2022.12.27"]
[WhiteClock "0:00:01"]
[BlackClock "0:01:13"]

1. e3 c5 2. d4 Nf6 3. c4 g6 4. Nc3 Bg7 5. Nf3 O-O 6. Be2 cxd4 7. Nxd4 Nc6 8. O-O d6 9. e4 Nxd4 10. Qxd4 Be6 11. Qe3 Rc8 12. Qxa7 Bxc4 13. Bxc4 Rxc4 14. Re1 Qa8 15. Be3 Nxe4 16. Nxe4 Rxe4 17. Qb6 Qa6 18. Qxa6 bxa6 19. Rab1 Rc8 20. Re2 Rec4 21. Kf1 e6 22. b4 d5 23. Bc5 e5 24. a4 e4 25. Ke1 f5 26. f3 d4 27. fxe4 d3 28. Re3 fxe4 29. Kd1 Rc7 30. Rc1 Rxc1+ 31. Kxc1 Bh6 32. Kd2 Kf7 33. g4 Ke6 34. h4 Bf4 35. g5 Kd5 36. Ba7 0-1


[Site "https://www.chess.com"]

[Event "Titled Tuesday Blitz December 27 Late 2022"]
[White "Marjanovic, Annamaria"]
[Black "Korchmar, Vasiliy"]
[WhiteFideId "750930"]
[BlackFideId "24131750"]
[WhiteElo "2273"]
[BlackElo "2438"]
[Result "0-1"]
[Round "10"]
[TimeControl "180+2"]
[Date "2022.12.27"]
[WhiteClock "0:01:18"]
[BlackClock "0:02:07"]

1. c4 c6 2. g3 d5 3. Nf3 Bg4 4. Bg2 e6 5. cxd5 exd5 6. Ne5 Be6 7. d4 Nf6 8. O-O Nbd7 9. Nd3 Bd6 10. Nc3 O-O 11. Bg5 h6 12. Bf4 Be7 13. Ne5 Re8 14. Qb3 Nb6 15. Rfe1 Bd6 16. Nd3 Bf8 17. a4 a5 18. Qc2 Nc4 19. b3 Nd6 20. Nc5 Bc8 21. Rad1 Nf5 22. Nxb7 Qb6 23. Nc5 Nxd4 24. Rxd4 Bxc5 0-1


[Site "https://www.chess.com"]

[Event "Titled Tuesday Blitz December 27 Late 2022"]
[White "Melkumyan, Hrant"]
[Black "Jaracz, Pawel"]
[WhiteFideId "13302485"]
[BlackFideId "1102222"]
[WhiteElo "2645"]
[BlackElo "2467"]
[Result "1-0"]
[Round "10"]
[TimeControl "180+2"]
[Date "2022.12.27"]
[WhiteClock "0:00:12"]
[BlackClock "0:00:01"]

1. d4 Nf6 2. c4 e6 3. Bf4 Bb4+ 4. Nc3 b6 5. Rc1 Bb7 6. Nf3 Ne4 7. Bd2 Bxc3 8. Bxc3 d6 9. d5 e5 10. Nd2 Nxd2 11. Qxd2 O-O 12. b4 Nd7 13. e3 f5 14. Bd3 Qh4 15. O-O Rae8 16. f4 Qh5 17. Rce1 Nf6 18. h3 Nd7 19. Rf3 Rf7 20. Rg3 h6 21. Rf1 Bc8 22. Kh2 Nf6 23. Kg1 Qh4 24. Qf2 Kh8 25. fxe5 dxe5 26. Qe1 Ne4 27. Rgf3 Qxe1 28. Bxe1 Ng5 29. R3f2 g6 30. Bc3 Kg8 31. c5 bxc5 32. bxc5 Bb7 33. h4 Nh7 34. d6 cxd6 35. cxd6 Bd5 36. Rd1 Be6 37. Bb5 Rd8 38. Ba5 Rb8 39. d7 Bxd7 40. Bxd7 Kg7 41. Be6 Re7 42. Bb3 Nf6 43. Rfd2 Rbb7 44. Bd8 Red7 45. Bxf6+ 1-0


[Site "https://www.chess.com"]

[Event "Titled Tuesday Blitz December 27 Late 2022"]
[White "Moreno Perez, Tobias Sebastian"]
[Black "Hernandez Bonilla, Amelia"]
[WhiteFideId "186716"]
[BlackFideId "3900193"]
[WhiteElo "2256"]
[BlackElo "1960"]
[Result "1-0"]
[Round "10"]
[TimeControl "180+2"]
[Date "2022.12.27"]
[WhiteClock "0:01:37"]
[BlackClock "0:00:16"]

1. Nf3 d5 2. g3 Nf6 3. Bg2 e6 4. O-O Be7 5. b3 O-O 6. Bb2 c5 7. d3 Nc6 8. Nbd2 Rb8 9. e4 b5 10. e5 Nd7 11. Re1 Qc7 12. h4 Bb7 13. Nf1 d4 14. Qe2 Nb6 15. h5 h6 16. N1h2 Nd5 17. Ng4 Rfe8 18. Bc1 Bf8 19. Bd2 Ncb4 20. Rec1 Nc3 21. Bxc3 dxc3 22. a3 Nd5 23. Nh4 Red8 24. Be4 Ne7 25. Re1 Bxe4 26. Qxe4 Qb7 27. Nf6+ gxf6 28. Qg4+ Kh8 29. exf6 Ng8 30. Rxe6 fxe6 31. Ng6+ Kh7 32. Qxe6 Re8 33. Qf5 Nxf6 34. Qxf6 Qg7 35. Qf5 Kg8 36. d4 cxd4 37. Rd1 Rbd8 38. Rd3 Qf7 39. Qg4 Kh7 40. Rf3 Qe6 41. Nxf8+ Kh8 42. Nxe6 1-0


[Site "https://www.chess.com"]

[Event "Titled Tuesday Blitz December 27 Late 2022"]
[White "Movahed, Sina"]
[Black "Martinez Alcantara, Jose Eduardo"]
[WhiteFideId "42520835"]
[BlackFideId "3805662"]
[WhiteElo "2340"]
[BlackElo "2619"]
[Result "1/2-1/2"]
[Round "10"]
[TimeControl "180+2"]
[Date "2022.12.27"]
[WhiteClock "0:00:07"]
[BlackClock "0:00:05"]

1. e4 e5 2. Nf3 Nc6 3. Bb5 a6 4. Ba4 Nf6 5. O-O Be7 6. d3 b5 7. Bb3 d6 8. c3 O-O 9. h3 Na5 10. Bc2 c5 11. Re1 h6 12. Nbd2 Nc6 13. Nf1 Re8 14. a4 Rb8 15. axb5 axb5 16. Ng3 Bf8 17. Be3 Be6 18. d4 Bd7 19. d5 Ne7 20. Ra6 Ng6 21. Qd2 Bc8 22. Ra2 Bd7 23. b4 Ra8 24. Rea1 Rxa2 25. Rxa2 Qc7 26. Bd3 Rc8 27. Ra5 Rb8 28. Qb2 Nf4 29. Bf1 g5 30. Nd2 h5 31. Qa2 h4 32. Ne2 Kg7 33. bxc5 dxc5 34. Nc1 c4 35. Ra7 Rb7 36. Ra6 Bc5 37. Qc2 Bxe3 38. fxe3 N4h5 39. Nf3 Ra7 40. Rxa7 Qxa7 41. Kf2 Ng3 42. Nxg5 Qa1 43. Be2 Kg6 44. Nf3 Nfxe4+ 45. Ke1 Kf6 46. Nxh4 Nxc3 47. Bf3 b4 48. Kf2 Nf5 49. Nxf5 Bxf5 50. Qd2 b3 51. d6 b2 52. d7 Bxd7 53. Qd6+ Be6 54. Qd8+ Kg6 55. Qg8+ Kf6 56. Qd8+ Kg6 57. Qg8+ Kf6 58. Qd8+ 1/2-1/2


[Site "https://www.chess.com"]

[Event "Titled Tuesday Blitz December 27 Late 2022"]
[White "Novikov, Evgenij"]
[Black "Kavutskiy, Konstantin"]
[WhiteFideId "4125380"]
[BlackFideId "2026384"]
[WhiteElo "2276"]
[BlackElo "2414"]
[Result "0-1"]
[Round "10"]
[TimeControl "180+2"]
[Date "2022.12.27"]
[WhiteClock "0:00:03"]
[BlackClock "0:00:15"]

1. d4 Nf6 2. Nf3 g6 3. c4 Bg7 4. Nc3 d6 5. e4 O-O 6. Be2 e5 7. d5 Nbd7 8. O-O Nc5 9. Qc2 a5 10. Bg5 h6 11. Be3 b6 12. Ne1 Nh7 13. Nd3 f5 14. exf5 gxf5 15. f4 e4 16. Nf2 Nf6 17. Rad1 Kh8 18. b3 Rg8 19. Kh1 h5 20. Bd4 Qe8 21. Nb5 Qf7 22. Nh3 Ng4 23. Ng5 Qe7 24. h3 Nf6 25. Qc3 Ba6 26. Bxc5 bxc5 27. a4 Bxb5 28. cxb5 Nxd5 29. Qg3 Nf6 30. Bc4 Rgf8 31. Be6 Nh7 32. Nxh7 Kxh7 33. Bd5 Rae8 34. Qe3 Bd4 35. Qe2 Kh6 36. Kh2 h4 37. Bc6 Rd8 38. Qc4 Qg7 39. Bd5 Rf6 40. Rd2 Qg3+ 41. Kh1 Rg6 42. Re2 Rd7 43. Be6 d5 44. Bxd5 Rdg7 45. Qc2 Be3 46. Qb2 Bxf4 47. Rxf4 Qxf4 48. Qd2 Qxd2 49. Rxd2 Rd6 50. Rd1 Rgd7 51. b6 cxb6 0-1


[Site "https://www.chess.com"]

[Event "Titled Tuesday Blitz December 27 Late 2022"]
[White "Novikova, Galina"]
[Black "Krasteva, Beloslava"]
[WhiteFideId "4157095"]
[BlackFideId "2922029"]
[WhiteElo "2073"]
[BlackElo "2220"]
[Result "1-0"]
[Round "10"]
[TimeControl "180+2"]
[Date "2022.12.27"]
[WhiteClock "0:00:14"]
[BlackClock "0:00:01"]

1. e4 c5 2. Nf3 Nc6 3. d4 cxd4 4. Nxd4 Nf6 5. Nc3 d6 6. h3 e6 7. g4 Be7 8. Bg2 a6 9. O-O Nd7 10. Kh1 O-O 11. f4 Nxd4 12. Qxd4 e5 13. Qf2 exf4 14. Bxf4 Ne5 15. Rad1 Bh4 16. Qe2 Qf6 17. Nd5 Qg6 18. Qd2 Be6 19. Bg3 Bxd5 20. Bxh4 Bxe4 21. Qxd6 Bxg2+ 22. Kxg2 Qe4+ 23. Kg3 Qe3+ 24. Kg2 Qe4+ 25. Kg3 Nc4 26. Qd4 Qc6 27. b3 Nb6 28. c4 f6 29. Kh2 Rad8 30. Qxd8 Rxd8 31. Rxd8+ Kf7 32. Rfd1 Qf3 33. R1d2 Ke7 34. Bf2 Qf4+ 35. Kg2 Nc8 36. R2d7+ Ke6 37. Rd2 Ne7 38. Re2+ Kf7 39. Rd7 Kf8 40. Rdxe7 1-0


[Site "https://www.chess.com"]

[Event "Titled Tuesday Blitz December 27 Late 2022"]
[White "Pakleza, Zbigniew"]
[Black "Toniutti, Ezio"]
[WhiteFideId "1119290"]
[BlackFideId "113034"]
[WhiteElo "2494"]
[BlackElo "2224"]
[Result "0-1"]
[Round "10"]
[TimeControl "180+2"]
[Date "2022.12.27"]
[WhiteClock "0:00:10"]
[BlackClock "0:00:25"]

1. d4 d5 2. Bf4 Nf6 3. e3 e6 4. Nd2 Bd6 5. Bg3 O-O 6. Ngf3 b6 7. Ne5 Bb7 8. f4 c5 9. c3 Nc6 10. Bd3 Ne7 11. Qb1 g6 12. Bf2 Ne8 13. h4 f6 14. h5 fxe5 15. fxe5 Nf5 16. hxg6 cxd4 17. gxh7+ Kh8 18. exd4 Qg5 19. exd6 Ne3 20. Bxe3 Qxe3+ 21. Kd1 Rf2 22. Nf1 Qg5 23. Qc1 Qxg2 24. Qh6 Nxd6 25. Qxe6 Re8 26. Qxd6 Qg4+ 27. Kc1 Re1# 0-1


[Site "https://www.chess.com"]

[Event "Titled Tuesday Blitz December 27 Late 2022"]
[White "Papayan, Oleg"]
[Black "Skvortsov, Andrei"]
[WhiteFideId "4193911"]
[BlackFideId "24108600"]
[WhiteElo "2253"]
[BlackElo "2313"]
[Result "1-0"]
[Round "10"]
[TimeControl "180+2"]
[Date "2022.12.27"]
[WhiteClock "0:00:05"]
[BlackClock "0:00:15"]

1. e4 e6 2. d4 d5 3. Nc3 Nf6 4. e5 Nfd7 5. f4 c5 6. Nf3 Nc6 7. Be3 Rb8 8. Qd2 a6 9. a3 cxd4 10. Nxd4 Bc5 11. b4 Bxd4 12. Bxd4 Nxd4 13. Qxd4 Qb6 14. Ne2 f6 15. exf6 gxf6 16. g3 Qxd4 17. Nxd4 Kf7 18. Bg2 Nb6 19. a4 e5 20. fxe5 fxe5 21. O-O+ Kg6 22. Nf3 Re8 23. a5 Nc4 24. Nh4+ Kg5 25. Bxd5 Ne3 26. Bf7 Nxf1 27. Bxe8 Ne3 28. Re1 Nxc2 29. Rxe5+ Kf6 30. Rh5 Bg4 31. Rc5 Nxb4 32. Bh5 Be6 33. Bf3 Nd3 34. Rc7 b5 35. axb6 Rxb6 36. Rxh7 Ne5 37. Be4 Nf7 38. Rh5 Rb4 39. Bd3 Ra4 40. Ng2 Ne5 41. Rh6+ Kf7 42. Be2 Ra1+ 43. Kf2 Ra2 44. Rh7+ Kg6 45. Re7 Kf6 46. Ra7 Bc4 47. Nf4 Ng4+ 48. Ke1 Bxe2 49. Nxe2 Nxh2 50. Kd1 Ke5 51. Nc3 Ra5 52. Kc2 Nf3 53. Kb3 Nd4+ 54. Kb2 Nc6 55. Rc7 Kd6 56. Rc8 Ne7 57. Rd8+ Kc7 58. Re8 Nc6 59. g4 Rg5 60. Re4 Kd6 61. Rf4 Ke6 62. Ra4 Nb8 63. Ne4 Re5 64. Nc3 Kd7 65. Kb3 Kc7 66. Kc4 Kc6 67. Kd4 Rg5 68. Ke3 Kb7 69. Kf4 Rg8 70. g5 Nd7 71. Kf5 Nc5 72. Rc4 Kc6 73. Ne4 Rf8+ 74. Kg4 Kd5 75. Rxc5+ Kxe4 76. Ra5 Ra8 77. g6 Kd4 78. Kg5 Kc4 79. g7 Kb4 80. Rxa6 Rxa6 81. g8=Q Rc6 82. Qd8 Rc5+ 83. Kf4 Kc4 84. Ke4 Kb5 85. Kd4 Rc4+ 86. Kd3 Rc5 87. Qb8+ Kc6 88. Kd4 Rd5+ 89. Kc4 Rc5+ 90. Kb4 Rd5 91. Qa8+ Kd6 92. Kc4 Rd1 93. Qd8+ Kc6 94. Qxd1 1-0


[Site "https://www.chess.com"]

[Event "Titled Tuesday Blitz December 27 Late 2022"]
[White "Pershin, Denis"]
[Black "Liu, Casper"]
[WhiteFideId "24165506"]
[BlackFideId "1454153"]
[WhiteElo "2366"]
[BlackElo "2278"]
[Result "0-1"]
[Round "10"]
[TimeControl "180+2"]
[Date "2022.12.27"]
[WhiteClock "0:00:01"]
[BlackClock "0:02:10"]

1. e4 g6 2. d3 Bg7 3. Nc3 b6 4. Be3 Bb7 5. Qd2 c5 6. h4 h5 7. O-O-O Nc6 8. f4 d6 9. Nf3 Nh6 10. Kb1 Ng4 11. Bg1 b5 12. Nxb5 Rb8 13. Nc3 Qa5 14. d4 Ba8 15. e5 O-O 16. Bd3 dxe5 17. dxe5 Rfd8 18. Qe2 Qxc3 19. Bb5 Rxd1+ 20. Qxd1 Rxb5 21. b3 Nb4 22. Ng5 Nd5 0-1


[Site "https://www.chess.com"]

[Event "Titled Tuesday Blitz December 27 Late 2022"]
[White "Poliakova, Varvara"]
[Black "Remolar Gallen, Jose"]
[WhiteFideId "13518313"]
[BlackFideId "2215187"]
[WhiteElo "2010"]
[BlackElo "2285"]
[Result "1-0"]
[Round "10"]
[TimeControl "180+2"]
[Date "2022.12.27"]
[WhiteClock "0:00:36"]
[BlackClock "0:00:02"]

1. e4 c5 2. f4 d6 3. Nf3 g6 4. d3 Bg7 5. g3 Nc6 6. Bg2 Bg4 7. O-O e6 8. h3 Bxf3 9. Qxf3 Nge7 10. Nc3 O-O 11. g4 Nd4 12. Qf2 Rb8 13. Be3 b5 14. f5 exf5 15. exf5 gxf5 16. Rae1 fxg4 17. Nd1 Nef5 18. hxg4 Nxe3 19. Nxe3 Qg5 20. c3 Ne6 21. Qg3 Be5 22. Qh3 Nf4 23. Rxf4 Bxf4 24. Nd5 Rbe8 25. Rf1 Be5 26. Rf5 Qg7 27. Be4 Re6 28. Rg5 Rg6 29. Ne7+ Kh8 30. Bxg6 Bf6 31. Rh5 fxg6 32. Rxh7+ Qxh7 33. Nxg6+ Kg8 34. Qxh7+ Kxh7 35. Nxf8+ Kg8 36. Ne6 Kf7 37. Nc7 b4 38. cxb4 cxb4 39. b3 Kg6 40. Kf2 Kg5 41. Kf3 a5 42. Nd5 Bd4 43. Ke4 1-0


[Site "https://www.chess.com"]

[Event "Titled Tuesday Blitz December 27 Late 2022"]
[White "Poltorak, Sebastian"]
[Black "Fisher_TheGalactic"]
[WhiteFideId "1199498"]
[WhiteElo "2354"]
[BlackElo "2477"]
[Result "0-1"]
[Round "10"]
[TimeControl "180+2"]
[Date "2022.12.27"]
[WhiteClock "0:00:05"]
[BlackClock "0:00:06"]

1. e4 b6 2. g3 Bb7 3. Bg2 e6 4. Ne2 d5 5. d3 dxe4 6. dxe4 Qxd1+ 7. Kxd1 Nf6 8. Nd2 Nbd7 9. c3 O-O-O 10. Kc2 Nc5 11. f3 Ba6 12. Bf1 Bd3+ 13. Kd1 Be7 14. Nf4 Bxf1 15. Rxf1 e5 16. Ng2 Rd7 17. Ne3 Rhd8 18. Rf2 Nd3 19. Re2 Bc5 20. Nec4 b5 21. Na5 Nxc1 22. Rxc1 g5 23. g4 h5 24. h3 Rh8 25. Kc2 hxg4 26. hxg4 Ne8 27. Nab3 Bb6 28. Ra1 Ng7 29. a4 bxa4 30. Rxa4 Ne6 31. Re1 Rh2 32. Rc4 Nf4 33. Rc6 Ng2 34. Ra1 Ne3+ 35. Kb1 Rdxd2 36. Nxd2 Rxd2 37. Rf6 Nc4 38. Ra2 Nd6 39. Ra4 Be3 40. Ka2 Kb7 41. Rh6 Rf2 42. Rh3 Rf1 43. Kb3 Rf2 44. Ra1 Bf4 45. Rd1 Re2 46. Ka3 Kc6 47. Kb3 a5 48. Ra1 Kb6 49. Rh8 Nb7 50. Rf8 Nc5+ 51. Kc4 Rxb2 52. Rxf7 a4 53. Rf6+ c6 54. Rd1 a3 55. Rf8 Nb7 56. Ra8 a2 57. Ra3 Na5+ 58. Kd3 Nb3 59. Kc4 a1=Q 60. Rdxa1 Nxa1 61. Ra8 Nc2 62. Rb8+ Kc7 63. Rxb2 Ne3+ 64. Kd3 Nd1 65. Rc2 Ne3 66. Re2 Nd1 67. Kc2 Ne3+ 68. Kb3 c5 69. Ra2 Kc6 70. Ra6+ Kb5 71. Rg6 c4+ 72. Kb2 Nd1+ 73. Kc2 Ne3+ 74. Kb1 Nd1 75. Kc2 Ne3+ 76. Kc1 Ka4 77. Rb6 Ka5 78. Rb8 Nxg4+ 79. Kb2 Nh2 80. Rc8 Nxf3 81. Rxc4 g4 82. Rc5+ Kb6 83. Rc8 g3 84. Rg8 Ne1 85. c4 g2 86. Kc3 Be3 87. Rg6+ Kc7 88. c5 Bxc5 89. Kc4 g1=Q 90. Rxg1 Bxg1 91. Kd5 Bd4 92. Ke6 Nf3 93. Kd5 Nd2 0-1


[Site "https://www.chess.com"]

[Event "Titled Tuesday Blitz December 27 Late 2022"]
[White "Preotu, Razvan"]
[Black "Bok, Benjamin"]
[WhiteFideId "2613280"]
[BlackFideId "1017063"]
[WhiteElo "2475"]
[BlackElo "2607"]
[Result "0-1"]
[Round "10"]
[TimeControl "180+2"]
[Date "2022.12.27"]
[WhiteClock "0:00:01"]
[BlackClock "0:00:07"]

1. e4 c5 2. Nf3 d6 3. d4 cxd4 4. Nxd4 Nf6 5. Nc3 a6 6. Be3 e5 7. Nb3 Be6 8. f3 Be7 9. Qd2 O-O 10. O-O-O Nbd7 11. g4 b5 12. g5 Nh5 13. Kb1 Nb6 14. Na5 Qc7 15. Nd5 Nxd5 16. exd5 Bf5 17. Nc6 f6 18. Rg1 fxg5 19. Bxg5 Bxg5 20. Qxg5 Qf7 21. Ne7+ Kh8 22. Nxf5 Qxf5 23. Bd3 Qxg5 24. Rxg5 Nf4 25. Be4 Rf6 26. Rd2 Raf8 27. a4 bxa4 28. Ka2 Rb8 29. Rg1 Rf7 30. Rdd1 Rfb7 31. Rb1 Rb5 32. Rge1 Nxd5 33. Red1 Rxb2+ 34. Rxb2 Nc3+ 35. Ka3 Rxb2 36. Rxd6 Nb5+ 37. Kxb2 Nxd6 38. Bd5 Nb5 39. c4 a3+ 40. Ka1 Nc3 41. Be6 Na4 42. Ka2 Nc5 43. Bd5 a5 44. Kxa3 g6 45. Kb2 Kg7 46. Kc3 Kf6 47. Kd2 Kf5 48. Ke3 h6 49. Bc6 a4 50. Kd2 a3 51. Kc3 Kf4 52. Bd5 g5 53. Bc6 h5 54. Bd5 g4 55. fxg4 hxg4 56. Kc2 e4 57. Kb1 e3 0-1


[Site "https://www.chess.com"]